 Dungeon Crawl Stone Soup version 0.20-a0-513-g02c11fc (webtiles) character file.

839 HEYYEYAAE the Basher (level 7, -3/99 HPs)
             Began as a Troll Berserker on Jan 22, 2017.
             Was an Elder of Trog.
             Slain by a two-headed ogre
             ... wielding a +0 giant club
              (19 damage)
             ... on level 8 of the Dungeon.
             The game lasted 00:04:55 (3128 turns).

HEYYEYAAE the Basher (Troll Berserker)              Turns: 3128, Time: 00:04:56

Health: -3/99      AC:  6    Str: 31 (33) XL:     7   Next: 67%
Magic:  6/6        EV: 10    Int:  1 (3)  God:    Trog [****..]
Gold:   187        SH:  0    Dex:  7 (9)  Spells: 6/6 levels left

rFire    . . .     SeeInvis .   f - +0 dagger (venom)
rCold    . . .     Gourm    +   b - +1 animal skin
rNeg     . . .     Faith    .   (no shield)
rPois    .         Spirit   .   (helmet restricted)
rElec    .         Reflect  .   (no cloak)
rCorr    .         Harm     +   (gloves unavailable)
MR       .....     Rnd*Tele +   (boots unavailable)
Stlth    ..........             s - amulet of harm
Regen    0.7/turn               (no ring)
                                m - ring of teleportation (curse)

@: berserking, very slightly contaminated, very quick
A: unfitting armour, claws 3, fast metabolism 3, gourmand, regeneration 1,
shaggy fur 1, tough skin 2
a: Berserk, Trog's Hand, Brothers in Arms, Burn Spellbooks, Renounce Religion


You were on level 8 of the Dungeon.
You worshipped Trog.
Trog was greatly pleased with you.
You were very hungry.

You visited 1 branch of the dungeon, and saw 6 of its levels.
You also visited: Sewer.

You collected 187 gold pieces.

Inventory:

Hand Weapons
 a - a +0 mace
 e - a +0 giant club
 f - a +0 dagger of venom (weapon)
Armour
 b - a +1 animal skin (worn)
Jewellery
 m - a cursed ring of teleportation (left claw)
 s - an amulet of harm (around neck)
Scrolls
 i - 2 scrolls of blinking
 r - a scroll of amnesia
 w - a scroll of recharging {unknown}
 y - a scroll of fear {unknown}
 C - a scroll of fog {unknown}
Potions
 g - a potion of haste
 h - a potion of curing
 j - a potion of might {unknown}
 k - a potion of degeneration
 q - a potion of invisibility
 t - a potion of magic
 z - 2 potions of flight
 A - a potion of brilliance
 B - 2 potions of agility
Books
 o - a book of Frost

   Spells                             Type                      Level
   a - Freeze                         Ice                          1
   b - Throw Frost                    Conjuration/Ice              2
   c - Ozocubu's Armour               Charms/Ice                   3
   d - Throw Icicle                   Conjuration/Ice              4
   e - Summon Ice Beast               Ice/Summoning                4
   Trog disapproves of the use of such an item.
 x - a book of Misfortune

   Spells                             Type                      Level
   a - Confusing Touch                Hexes                        1
   b - Confuse                        Hexes                        3
   c - Gell's Gravitas                Hexes/Translocation          3
   d - Petrify                        Transmutation/Earth          4
   e - Metabolic Englaciation         Hexes/Ice                    5
   f - Yara's Violent Unravelling     Hexes/Transmutation          5
   Trog disapproves of the use of such an item.
Comestibles
 c - 4 bread rations
 d - a chunk of flesh
 l - a meat ration
 p - 3 fruits
 u - a royal jelly


   Skills:
 - Level 2.4 Fighting
 * Level 8.4 Maces & Flails
 - Level 2.4 Dodging


You had 6 spell levels left.
You didn't know any spells.

Dungeon Overview and Level Annotations

Branches:
Dungeon (5/15)
 Temple: D:4-7

Altars:
Ashenzari
Uskayaw

Annotations:
D:8 Gastronok


Innate Abilities, Weirdness & Mutations

You are too large for most types of armour.
You have claws for hands.
Your metabolism is lightning-fast.
You like to eat raw meat.
Your natural rate of healing is unusually fast.
You are covered in fur. (AC +1)
You have very tough skin. (AC +2)


Message History

The wolf is almost dead.
You hear the faint creaking of a distant portcullis.
The wolf looks more healthy.
The wolf barely misses you.
You puncture the wolf!
You kill the wolf!
Trog accepts your kill.
You barely miss the two-headed ogre. You hit the two-headed ogre.
The two-headed ogre is poisoned.
The two-headed ogre is lightly wounded.
The two-headed ogre barely misses you. x2
You puncture the two-headed ogre!
The two-headed ogre looks as sick as possible!
The two-headed ogre is moderately wounded.
You hit the two-headed ogre.
The two-headed ogre looks as sick as possible!
The two-headed ogre is moderately wounded.
The two-headed ogre hits you with a giant club!
* * * LOW HITPOINT WARNING * * *
The two-headed ogre hits you with a giant spiked club!
You die...

.......# .......#
......$# ....#..######
###.#..n....#
,,#.#.#####.###
*,#<#.#...n.n.#
*,###.##.##.#.#######
,,,,..#..#..#.nO@...#
,,,*..#.....#######.#*
**,#..######......,,,*
**,*,,,,,,,,.#####****
**,*,******,.#**
,,,*,,,**,,,..,*
*,,,,,,**,*,.#,*
**,******,,,.#,*
,*,,,,,,,,,,,,,*


You could see a two-headed ogre and a necrophage.

Vanquished Creatures
  An ogre (D:5)
  2 centaurs (D:5)
  A wolf (D:8)
  A scorpion (D:5)
  2 killer bees (D:8)
  A crimson imp (D:5)
  2 hounds
  An orc wizard (D:4)
  2 iguanas
  A worker ant (D:3)
  6 adders
  An adder skeleton (D:5)
  4 worms (D:2)
  4 dart slugs
  A leopard gecko (D:2)
  4 orcs (D:4)
  4 ball pythons
  3 bats
  4 giant cockroaches
  6 goblins
  13 hobgoblins
  11 jackals
  9 frilled lizards
  A jackal skeleton (D:4)
  14 kobolds
  A quokka skeleton (D:4)
  8 rats
108 creatures vanquished.

Notes
Turn   | Place    | Note
-------+----------+-------------------------------------------
     0 | D:1      | HEYYEYAAE the Troll Berserker began the quest for the Orb.
     0 | D:1      | Reached XP level 1. HP: 22/22 MP: 0/0
    79 | D:1      | Reached skill level 3 in Maces & Flails
   142 | D:1      | Reached XP level 2. HP: 29/29 MP: 1/1
   306 | D:1      | Reached ** piety under Trog
   457 | D:2      | Reached XP level 3. HP: 28/36 MP: 2/2
   523 | D:2      | Reached skill level 4 in Maces & Flails
   902 | D:2      | Reached XP level 4. HP: 38/44 MP: 3/3
   915 | D:2      | Found a hide-covered altar of Uskayaw.
  1349 | D:3      | HP: 3/66 [iguana (11)]
  1351 | D:3      | Reached skill level 5 in Maces & Flails
  1440 | D:3      | Reached XP level 5. HP: 46/50 MP: 4/4
  1505 | D:3      | Found a shattered altar of Ashenzari.
  1690 | D:3      | Reached *** piety under Trog
  2244 | D:5      | Entered Level 5 of the Dungeon
  2247 | D:5      | Noticed an ogre
  2253 | D:5      | Killed an ogre
  2253 | D:5      | Reached skill level 6 in Maces & Flails
  2253 | D:5      | Reached XP level 6. HP: 23/59 MP: 5/5
  2313 | D:5      | Found a glowing drain.
  2321 | Sewer    | Entered a sewer
  2951 | D:5      | Reached skill level 7 in Maces & Flails
  2959 | D:5      | Reached XP level 7. HP: 37/66 MP: 6/6
  2967 | D:5      | Reached **** piety under Trog
  3015 | D:5      | You fall through a shaft for 3 floors!
  3047 | D:8      | Noticed Gastronok
  3048 | D:8      | Reached skill level 8 in Maces & Flails
  3098 | D:8      | Noticed a two-headed ogre
  3115 | D:8      | HP: 3/66 [two-headed ogre/giant club (31)]
  3128 | D:8      | Slain by a two-headed ogre

Vault maps used:
D:1:      lightli_arrival_chessboard
D:2:      eat_drink_and_be_merry_uskayaw
D:3:      nicolae_overflow_crystal_walls, first_bread
D:5:      lemuel_round_altar, tso_metal_star, kennysheep_ying_yang,
          lightli_sewer_entry_pipes, dk_noncrumbling_2
D:8:      enter_bailey_3, serial_curves, eino_curves_03, eino_curves_01,
          basic_altar, uniq_grum, uniq_gastronok, uniq_joseph, uniq_maurice
Sewer:    sewer_co_scattered_pipes

Skill      XL: |  1  2  3  4  5  6  7 |
---------------+----------------------+-----
Maces & Flails | 3 4 5 6 7 8 |  8.4
Fighting       | |  2.4
Dodging        | |  2.4

Action                   |  1- 3 |  4- 6 |  7- 9 || total
-------------------------+-------+-------+-------++-------
Melee: Mace              |     8 |       |       ||     8
       Dagger            |   119 |   217 |    48 ||   384
       Giant club        |       |       |    12 ||    12
Invok: Berserk           |       |     4 |     2 ||     6
  Use: Scroll            |       |     3 |     4 ||     7
       Potion            |       |       |     9 ||     9
  Eat: Chunk             |    13 |    20 |       ||    33
Armor: Animal skin       |    33 |    73 |    23 ||   129
Dodge: Dodged            |    50 |   160 |    44 ||   254
